 Dungeon Crawl Stone Soup version 0.30.1-1-g62c8e00024 (webtiles) character file.

Game seed: 6009867115775580760

105 Descartes the Shield-Bearer (level 5, -2/42 HPs)
             Began as a Formicid Fighter on July 16, 2023.
             Splashed by a jelly's acid (6 damage)
             ... on level 4 of the Dungeon.
             The game lasted 00:03:14 (2578 turns).

Descartes the Shield-Bearer (Formicid Fighter)      Turns: 2578, Time: 00:03:15

Health: -2/42      AC:  1    Str: 29    XL:     5   Next: 9%
Magic:  5/5        EV:  9    Int:  7    God:
Gold:   192        SH:  5    Dex: 13    Spells: 4/4 levels left

rFire   . . .        a - +0 war axe
rCold   . . .        c - +0 buckler
rNeg    . . .        b - +0 scale mail
rPois   .            (helmet unavailable)
rElec   .            (no cloak)
rCorr   .            p - +0 pair of gloves
SInv    +            j - +0 pair of boots
Will    .....        (no amulet) Stlth
                     k - +6 ring of strength
HPRegen 0.27/turn    (no ring)
MPRegen 0.09/turn

%: no passive effects
@: corroded
A: permanent stasis, dig shafts and tunnels, antennae 3, four strong arms
a: Dig, Shaft Self


You were on level 4 of the Dungeon.
You visited 1 branch of the dungeon, and saw 4 of its levels.

You collected 192 gold pieces.

Inventory:

Hand Weapons
 a - a +0 war axe (weapon)
Armour
 b - a +0 scale mail (worn)
 c - a +0 buckler (worn)
 j - a +0 pair of boots (worn)
 p - a +0 pair of gloves (worn)
Jewellery
 k - a +6 ring of strength (left hand)
Scrolls
 e - a scroll of identify {unknown}
 g - 2 scrolls of vulnerability {unknown}
 h - 5 scrolls of immolation {unknown}
 i - a scroll of torment {unknown}
 l - a scroll of poison {unknown}
 m - 3 scrolls of fog {unknown}
 n - 3 scrolls of teleportation {unknown}
Potions
 d - a potion of might
 f - 2 potions of magic {unknown}
 o - a potion of resistance {unknown}


   Skills:
 + Level 3.9 Fighting
 - Level 2.3 Axes
 + Level 3.8 Armour
 + Level 4.7 Shields
 * Level 2.8 Earth Magic


You had 4 spell levels left.
You didn't know any spells.
Your spell library contained the following spells:

 Spells                   Type           Power      Damage    Failure   Level
 Dazzling Flash           Conj/Hex       0%         N/A       98%         3
 Agony                    Necr           0%         N/A       100%        5
 Silence                  Hex/Air        0%         N/A       100%        5


Dungeon Overview and Level Annotations

Branches:
Dungeon (4/15)
 Temple: D:4-7

Altars:

Shops:
D:4 (


Innate Abilities, Weirdness & Mutations

You cannot be hasted, slowed, berserked, paralysed or teleported.
You can dig through walls and to a lower floor.
You have a pair of large antennae on your head. (SInv)
Your four strong arms can wield two-handed weapons with a shield.


Message History

You see here a +0 whip.
A jelly comes into view.
The jelly quivers.
Found Ozocubu's Autobiography.
The jelly barely misses you.
You hit the jelly. The acid corrodes you!
Your hands burn!
The jelly is lightly wounded.
The jelly hits you. The acid corrodes you!
You are splashed with acid!
You hit the jelly.
Your hands burn!
The jelly is heavily wounded.
The jelly barely misses you. The jelly misses you.
You hit the jelly.
Your hands burn!
The jelly is almost dead.
The jelly closely misses you.
You are too injured to fight recklessly!
You are too injured to fight recklessly!
You are too injured to fight recklessly!
You are too injured to fight recklessly!
You are too injured to fight recklessly!
You are too injured to fight recklessly!
You are too injured to fight recklessly!
You are too injured to fight recklessly!
You are too injured to fight recklessly!
You are too injured to fight recklessly!
You are too injured to fight recklessly!
You are too injured to fight recklessly!
You are too injured to fight recklessly!
You are too injured to fight recklessly!
You are too injured to fight recklessly!
You are too injured to fight recklessly!
You hit the jelly but do no damage.
Your hands burn!
The jelly is almost dead.
The jelly hits you.
You are splashed with acid!
* * * LOW HITPOINT WARNING * * *
You hit the jelly but do no damage.
Your hands burn!
* * * LOW HITPOINT WARNING * * *
The jelly is almost dead.
The jelly hits you but does no damage. The jelly hits you.
* * * LOW HITPOINT WARNING * * *
You are splashed with acid.
You die...

. . # ## # #
#. .. . .#.
.## ##. . ....
.. #..
#...#.###.# .#
#...J##.# #.#
#.@##.## #.#
#....).# #.#
##.#.#.#####.#
#...#...<.#.#
##.######.#)#
#.: #...# {
..# ##..# ..##
##.# #. ###


You could see a jelly.

Vanquished Creatures
  An orc priest (D:3)
  A gnoll (D:3)
  2 adders (D:4)
  2 orcs (D:3)
  5 ball pythons
  3 endoplasms
  3 giant cockroaches
  6 goblins
  3 hobgoblins
  A jackal (D:4)
  5 kobolds
  4 quokkas
  4 bats
  A frilled lizard (D:1)
  4 rats
45 creatures vanquished.

Notes
Turn   | Place    | Note
-------+----------+-------------------------------------------
     0 | D:1      | Descartes the Formicid Fighter began the quest for the Orb.
     0 | D:1      | Reached XP level 1. HP: 18/18 MP: 1/1
   235 | D:1      | Reached skill level 1 in Earth Magic
   235 | D:1      | Reached XP level 2. HP: 21/24 MP: 2/2
   440 | D:1      | Found a faded altar of an unknown god.
  1135 | D:2      | Reached XP level 3. HP: 19/29 MP: 3/3
  1709 | D:3      | Reached XP level 4. HP: 7/37 MP: 4/4
  2282 | D:4      | Found Acvonnul's Weapon Boutique.
  2374 | D:4      | Noticed a gnoll sergeant
  2402 | D:3      | Reached XP level 5. HP: 5/42 MP: 5/5
  2578 | D:4      | Splashed by a jelly's acid

Illustrated notes

Levels and vault maps discovered:
D:1:      wander_arrival_abandoned_jail, layout_loops_corners,
          basic_ecumenical_altar
D:2:      layout_basic, hangedman_decor_growths, palyth_stone_intersect,
          st_stairs_12
D:3:      layout_loops_ring
D:4:      layout_rooms, nicolae_ru_great_annihilating_truth,
          minmay_temple_entry_drinking_statues, serial_shops, shop, minmay_bent

Skill      XL: |  1  2  3 |
---------------+----------+-----
Earth Magic    | 1 2 |  2.8
Fighting       | |  3.9
Axes           | |  2.3
Armour         | |  3.8
Shields        | |  4.7

Action                     |  1- 3 |  4- 6 || total
---------------------------+-------+-------++-------
  Melee: War axe           |    81 |    54 ||   135
 Armour: Scale mail        |    44 |    31 ||    75
  Dodge: Dodged            |    32 |    49 ||    81
  Block: Buckler           |    21 |    19 ||    40
